 Seeded DCSS version 0.31-a0-654-gbe3e110b4e (webtiles) character file.

Game seed: 13626088154475070101 (custom seed)

191607 bmack86 the Slayer (level 17, -6/190 HPs)
             Began as a Minotaur Fighter on Aug 29, 2023.
             Was the Champion of Trog.
             Mangled by a demonic crawler (10 damage)
             ... on level 3 of the Spider Nest.
             The game lasted 01:08:48 (24936 turns).

bmack86 the Slayer (Minotaur Fighter)              Turns: 24936, Time: 01:08:49

Health: -6/190     AC: 25    Str: 39    XL:     17   Next: 58%
Magic:  16/16      EV:  3    Int:  7    God:    Trog [******]
Gold:   2136       SH:  0    Dex: 11    Spells: 16/16 levels left

rFire   . . .        C - +8 broad axe (spect)
rCold   x . .        w - +18 shield of the Gong {Loud rN+ Will+ rCorr EV-5}
rNeg    + . .        s - +3 plate armour
rPois   .            h - +2 hat
rElec   .            S - +2 cloak
rCorr   +            (no gloves)
SInv    .            Q - +2 pair of boots
Will    +++..        O - amulet of regeneration Stlth
                     X - ring of Sollett {Will+ Str+5}
HPRegen 1.31/turn    q - ring "Mypnenez" {Fly rC- Str+6 Int+2}
MPRegen 0.15/turn

%: no passive effects
@: confused, lethally poisoned (-6 -> -34), flying
A: horns 2, retaliatory headbutt, deformed body
}: 1/15 runes: decaying
a: Renounce Religion, Berserk, Trog's Hand, Brothers in Arms


You were on level 3 of the Spider Nest.
You worshipped Trog.
Trog was exalted by your worship.
You visited 6 branches of the dungeon, and saw 31 of its levels.
You also visited: Bailey and Gauntlet.

You collected 2636 gold pieces.
You spent 500 gold pieces at shops.

Inventory:

Hand Weapons
 C - a +8 spectral broad axe (weapon)
 K - a +4 antimagic broad axe
Missiles
 g - 5 silver javelins
 x - 11 curare-tipped darts (quivered)
 N - 3 throwing nets
 V - 10 javelins
Armour
 h - a +2 hat (worn)
 s - a +3 plate armour (worn)
 w - the +18 shield of the Gong (worn) {Loud rN+ Will+ rCorr EV-5}
   (You found it on level 5 of the Lair of Beasts)

   Loud:      It is deafeningly noisy when blocking attacks.
   EV-5:      It affects your evasion (-5).
   rN+:       It protects you from negative energy.
   Will+:     It increases your willpower.
   rCorr:     It protects you from acid and corrosion.
 Q - a +2 pair of boots (worn)
 S - a +2 cloak (worn)
Jewellery
 q - the ring "Mypnenez" (right hand) {Fly rC- Str+6 Int+2}
   (You acquired it in a bailey)

   [ring of strength]

   Str+6:     It affects your strength (+6).
   Int+2:     It affects your intelligence (+2).
   rC-:       It makes you vulnerable to cold.
   Fly:       It grants you flight.
 r - a ring of protection from fire
 y - a +5 ring of evasion
 I - a +4 ring of protection
 O - an amulet of regeneration (around neck)
 P - a ring of protection from cold
 T - the ring "Koxtal" {Int+3 Dex+6}
   (You found it in a Gauntlet)

   [ring of dexterity]

   Int+3:     It affects your intelligence (+3).
   Dex+6:     It affects your dexterity (+6).
 X - the ring of Sollett (left hand) {Will+ Str+5}
   (You found it on level 3 of the Swamp)

   [ring of willpower]

   Str+5:     It affects your strength (+5).
   Will+:     It increases your willpower.
 Y - a ring of protection from fire
Wands
 e - a wand of iceblast (21)
 o - a wand of paralysis (15)
 u - a wand of mindburst (19)
 H - a wand of acid (28)
 J - a wand of digging (30)
 M - a wand of flame (50)
 U - a wand of polymorph (7)
Scrolls
 b - a scroll of identify
 c - a scroll of brand weapon
 f - 3 scrolls of poison
 k - 12 scrolls of fear
 p - 11 scrolls of teleportation
 v - 2 scrolls of blinking
 A - 2 scrolls of summoning
 B - 3 scrolls of revelation
 D - 5 scrolls of fog
Potions
 a - a potion of invisibility
 d - 4 potions of might
 j - 3 potions of enlightenment
 l - 12 potions of curing
 n - 2 potions of ambrosia
 z - 4 potions of resistance
 E - 3 potions of cancellation
 G - 3 potions of haste
 L - 3 potions of lignification
 W - 4 potions of mutation


   Skills:
 + Level 26.5 Fighting
 * Level 18.9 Axes
 - Level 18.0 Armour
 - Level 10.0 Shields


You had 16 spell levels left.
You didn't know any spells.
Your spell library contained the following spells:

 Spells                   Type           Power      Damage    Failure   Level
 Apportation              Tloc           0%         N/A       91%         1
 Magic Dart               Conj           0%         1d3       91%         1
 Necrotise                Necr           0%         1d4       91%         1
 Summon Small Mammal      Summ           0%         N/A       91%         1
 Searing Ray              Conj           0%         2d4       97%         2
 Ignite Poison            Fire/Tmut/Pois 0%         N/A       100%        3
 Inner Flame              Hex/Fire       0%         N/A       100%        3
 Portal Projectile        Hex/Tloc       0%         N/A       100%        3
 Tukima's Dance           Hex            0%         N/A       100%        3
 Fulminant Prism          Conj/Hex       0%         3d5       100%        4
 Iskenderun's Mystic Bla  Conj/Tloc      0%         2d3       100%        4
 Sticky Flame             Conj/Fire      0%         2d3       100%        4
 Yara's Violent Unravell  Hex/Tmut       0%         3d3       100%        5
 Enfeeble                 Hex            0%         N/A       100%        7
 Ignition                 Fire           0%         3d3       100%        8


Dungeon Overview and Level Annotations

Branches:
Dungeon (15/15)            Temple (1/1) D:7            Lair (5/5) D:10
  Swamp (4/4) Lair:2       Spider (4/4) Lair:2        Slime (0/5) Lair:4
    Orc (2/2) D:9             Elf (0/3) Orc:2        Vaults (0/5) D:14
 Depths (0/4) D:15         Bailey (visited)         Gauntlet (visited)

Altars:
Ashenzari
Cheibriados
Dithmenos
Elyvilon
Fedhas
Gozag
Hepliaklqana
Kikubaaqudgha
Makhleb
Nemelex Xobeh
Okawaru
Qazlal
Ru
Sif Muna
Trog
Uskayaw
Vehumet
Wu Jian
Xom
Yredelemnul
Zin
The Shining One
Jiyva

Shops:
D:7 ?*?   D:8 :   Orc:2 ?([*(


Innate Abilities, Weirdness & Mutations

You have a pair of horns on your head.
You reflexively headbutt those who attack you in melee.
Armour fits poorly on your strangely shaped body.


Message History

GONNNNG!
You block the redback's attack.
GONNNNG!
You block the redback's attack.
SHROANNG!
The demonic crawler hits you.
* * * LOW HITPOINT WARNING * * *
The demonic crawler hits you.
* * * LOW HITPOINT WARNING * * *
You block the demonic crawler's attack.
GONNNNG!
The redback bites you but does no damage. x2
The jumping spider leaps!
The tarantella touches you!
* * * LOW HITPOINT WARNING * * *
You are confused.
The redback bites you.
* * * LOW HITPOINT WARNING * * *
You are lethally poisoned!
The redback poisons you! The demonic crawler hits you.
* * * LOW HITPOINT WARNING * * *
The demonic crawler hits you but does no damage.
The demonic crawler hits you.
* * * LOW HITPOINT WARNING * * *
The redback bites you but does no damage.
You feel much better.
* * * LOW HITPOINT WARNING * * *
You feel extremely sick.
The redback bites you but does no damage.
The tarantella touches you!
* * * LOW HITPOINT WARNING * * *
The redback bites you but does no damage.
The redback bites you.
* * * LOW HITPOINT WARNING * * *
The redback bites you.
* * * LOW HITPOINT WARNING * * *
The redback bites you but does no damage.
The tarantella touches you but does no damage.
The demonic crawler hits you but does no damage.
The demonic crawler hits you!
You die...

.....#......#..........##
.....##............#####
#....#####...........^##
########^^..s..........#
.##.^.#^........^.....##
##.^.....###...####...#
#........#.......######
...###..##.....s##.#
..###....##^...s@s.#
.##.#.....###..sss##### ###
##.[##.....###......#.#####.##
.#.........#....#.........#..####
......(..####.^.#.........#...##.
.........#...^..#.#...#...^.#....
....[.#..#...##.###...##...#^....
......#^.##.#####..^...#.........
#....###.#### #.......#.....††#.


You could see a demonic crawler, a jumping spider, a tarantella (berserk) and 4
redbacks.

Vanquished Creatures
  Rupert (D:14)
  Gastronok (Lair:2)
  A thorn hunter (Swamp:4)
  Kirke (D:13)
  5 emperor scorpions (Spider:3)
  A ghost moth (Spider:1)
  2 orc warlords
  A broodmother (Spider:2)
  6 eleionomae
  3 bunyips
  A minotaur (Gauntlet)
  3 spark wasps
  Josephine (D:14)
  A fire dragon (D:15)
  3 entropy weavers
  A shambling mangrove (Swamp:4)
  Erolcha (D:10)
  18 hydras
  An ice dragon (D:15)
  8 vault guards (D:14)
  A merfolk avatar (Lair:5)
  13 alligators
  2 ghost crabs
  The ghost of particleface the Basher, a journeyman VSWn of Lugonu (Lair:1)
  A centaur warrior (D:13)
  A jorogumo (Spider:3)
  Erica (Orc:1)
  A two-headed ogre (Orc:2)
  A death knight (D:14)
  2 radroaches
  6 boulder beetles
  3 tengu warriors
  5 death yaks (Lair:2)
  3 demonic crawlers
  4 orc high priests (Orc:2)
  A spriggan berserker (Swamp:4)
  A sun moth (Spider:2)
  2 sixfirhies (Gauntlet)
  3 goliath frogs
  2 skysharks
  4 pharaoh ants
  5 swamp dragons (Swamp:4)
  A sea snake (Lair:5)
  3 spriggan druids
  7 bog bodies
  2 steelbarb worms (Spider:2)
  A phantasmal warrior (D:14)
  5 orc knights
  Pikel (D:9)
  4 orb spiders
  A lindwurm (Lair:3)
  A necromancer (Gauntlet)
  3 deep elf pyromancers
  13 ugly things
  3 orc sorcerers
  A will-o-the-wisp (Swamp:3)
  4 manticores
  6 wolf spiders
  7 cyclopes
  An elephant (Lair:5)
  5 black mambas
  8 gargoyles
  11 cane toads
  2 kobold demonologists
  4 torpor snails
  An unseen horror (D:11)
  A cane toad (shapeshifter) (D:14)
  2 efreet
  4 rime drakes
  11 komodo dragons
  A freezing wraith (D:9)
  2 tengu conjurers
  3 wind drakes (Lair:5)
  6 polar bears
  4 trolls
  21 tarantellas
  A raiju (shapeshifter) (D:15)
  10 hornets
  12 blink frogs
  8 tyrant leeches
  6 flying skulls (Gauntlet)
  20 jumping spiders
  2 vampires
  6 wraiths
  8 culicivoras
  12 slime creatures
  12 spriggans
  6 wyverns
  53 yaks
  5 basilisks
  2 humans (D:9)
  18 vampire mosquitoes
  2 fire bats (Lair:4)
  4 hogs (D:13)
  38 redbacks
  3 steam dragons
  3 wargs
  12 swamp worms
  Menkaure (D:4)
  4 acid dragons
  17 water moccasins
  14 swamp drakes
  A sky beast (D:7)
  An ice beast (D:7)
  29 orc warriors
  4 ogres
  22 wolves
  2 black bears (D:6)
  7 centaurs
  A lemure (D:9)
  2 phantoms
  3 kobold brigands
  18 bullfrogs
  A bullfrog (shapeshifter) (D:13)
  A gnoll sergeant (D:10)
  5 scorpions
  14 wights
  8 killer bees
  2 howler monkeys
  An electric eel (D:13)
  7 hounds
  4 jellies
  29 orc priests
  Jessica (D:2)
  A sleepcap (D:7)
  3 iguanas (D:5)
  27 orc wizards
  10 gnolls
  8 adders
  2 white imps
  3 ufetubi
  A worm (D:5)
  2 dart slugs (D:1)
  54 orcs
  4 bats
  4 endoplasms
  3 giant cockroaches
  14 goblins
  4 hobgoblins
  6 jackals
  31 kobolds
  4 quokkas
  6 ball pythons
  7 frilled lizards
  3 rats
912 creatures vanquished.

Vanquished Creatures (collateral kills)
  A hydra (Swamp:4)
  A swamp dragon (Swamp:4)
2 creatures vanquished.

Vanquished Creatures (others)
  2 bloated husks
  A tyrant leech (Swamp:3)
  A swamp drake (Swamp:4)
  11 spectral weapons
15 creatures vanquished.

Grand Total: 929 creatures vanquished

Notes
Turn   | Place    | Note
-------+----------+-------------------------------------------
     0 | D:1      | bmack86 the Minotaur Fighter began the quest for the Orb.
     0 | D:1      | Reached XP level 1. HP: 19/19 MP: 0/0
    97 | D:1      | Reached XP level 2. HP: 24/26 MP: 1/1
   539 | D:1      | Found a faded altar of an unknown god.
   568 | D:2      | Reached XP level 3. HP: 25/31 MP: 2/2
   716 | D:2      | Noticed Jessica
   722 | D:2      | Killed Jessica
   723 | D:2      | Reached skill level 5 in Shields
   723 | D:2      | Reached XP level 4. HP: 31/39 MP: 3/3
   843 | D:2      | You fall into a shaft and drop 1 floor!
   915 | D:3      | Found a shadowy altar of Dithmenos.
  1032 | D:3      | Reached skill level 5 in Axes
  1357 | D:3      | Reached XP level 5. HP: 45/45 MP: 4/4
  2834 | D:4      | Reached XP level 6. HP: 51/51 MP: 5/5
  2911 | D:4      | Noticed Menkaure
  2915 | D:4      | Killed Menkaure
  3138 | D:5      | Entered Level 5 of the Dungeon
  3151 | D:5      | Reached XP level 7. HP: 40/57 MP: 6/6
  3461 | D:5      | Reached skill level 10 in Axes
  3725 | D:5      | Found a shadowy altar of Dithmenos.
  4037 | D:5      | Found a snail-covered altar of Cheibriados.
  4271 | D:6      | Found a radiant altar of Vehumet.
  4303 | D:6      | Reached XP level 8. HP: 44/62 MP: 7/7
  5114 | D:7      | Found Waniekel's Magic Scroll Boutique.
  5117 | D:7      | Bought a scroll of revelation for 82 gold pieces
  5117 | D:7      | Bought a scroll of identify for 22 gold pieces
  5117 | D:7      | Bought a scroll of enchant armour for 82 gold pieces
  5117 | D:7      | Bought a scroll of enchant weapon for 82 gold pieces
  5170 | D:7      | Found Hites's Magic Scroll Shop.
  5179 | D:7      | Bought a scroll of enchant weapon for 90 gold pieces
  5225 | D:7      | Found Zecs's General Store.
  5243 | D:7      | Found a staircase to the Ecumenical Temple.
  5253 | Temple   | Entered the Ecumenical Temple
  5284 | Temple   | Became a worshipper of Trog the Wrathful
  5338 | D:7      | Found a flagged portal.
  5344 | D:7      | Reached XP level 9. HP: 70/70 MP: 8/8
  5397 | Bailey   | Entered a bailey
  5402 | Bailey   | Noticed an orc warlord
  5439 | Bailey   | Reached * piety under Trog
  5481 | Bailey   | Noticed an orc knight
  5495 | Bailey   | Killed an orc knight
  5634 | Bailey   | Found a runed translucent gate.
  5637 | Bailey   | Found a runed translucent gate.
  5643 | Bailey   | Found a runed translucent gate.
  5650 | Bailey   | Noticed an orc knight
  5659 | Bailey   | Killed an orc knight
  5660 | Bailey   | Reached skill level 15 in Axes
  5824 | Bailey   | Identified a scroll of acquirement
  5824 | Bailey   | Acquired the ring "Mypnenez" {Fly rC- Str+6 Int+2}
  5855 | Bailey   | Killed an orc warlord
  5856 | Bailey   | Reached XP level 10. HP: 77/77 MP: 9/9
  5873 | Bailey   | Reached skill level 10 in Fighting
  5873 | Bailey   | Reached XP level 11. HP: 97/101 MP: 10/10
  6928 | D:8      | Found Piuloss's Book Boutique.
  7357 | D:9      | Reached ** piety under Trog
  7361 | D:9      | Reached skill level 11 in Fighting
  7363 | D:9      | Noticed Pikel
  7374 | D:9      | Killed Pikel
  7375 | D:9      | Reached skill level 5 in Armour
  7375 | D:9      | Found a sparkling altar of Nemelex Xobeh.
  7482 | D:7      | Bought a scroll of brand weapon for 142 gold pieces
  7627 | D:9      | Found a staircase to the Orcish Mines.
  7736 | D:9      | Reached skill level 12 in Fighting
  7741 | D:9      | Found an iron altar of Okawaru.
  8163 | D:9      | Reached *** piety under Trog
  8170 | D:9      | Reached skill level 13 in Fighting
  8185 | D:9      | Noticed a four-headed hydra
  8189 | D:9      | Killed a six-headed hydra
  8197 | D:9      | Noticed a deep elf pyromancer
  8212 | D:9      | Killed a deep elf pyromancer
  8674 | Orc:1    | Entered Level 1 of the Orcish Mines
  8729 | D:10     | Entered Level 10 of the Dungeon
  8911 | D:10     | Reached XP level 12. HP: 114/116 MP: 11/11
  8934 | D:10     | Found a staircase to the Lair.
  8965 | D:10     | Noticed Erolcha
  8972 | D:10     | Killed Erolcha
  8973 | D:10     | Reached skill level 14 in Fighting
  9229 | D:10     | Reached **** piety under Trog
  9278 | D:10     | Found a glowing silver altar of Zin.
  9475 | D:11     | Reached skill level 15 in Fighting
  9918 | D:12     | Found a gate leading to a gauntlet.
  9924 | Gauntlet | Entered a Gauntlet
  9924 | Gauntlet | Found a transporter.
  9929 | Gauntlet | Found a transporter.
  9931 | Gauntlet | Found a transporter.
  9957 | Gauntlet | Found a transporter.
  9977 | Gauntlet | Found a transporter.
 10001 | Gauntlet | Found a transporter.
 10017 | Gauntlet | Found a transporter.
 10026 | Gauntlet | Found a runed translucent door.
 10027 | Gauntlet | Found a transporter.
 10028 | Gauntlet | Found a runed translucent door.
 10037 | Gauntlet | Found a transporter.
 10062 | Gauntlet | Found a transporter.
 10062 | Gauntlet | Found a transporter.
 10064 | Gauntlet | Found a transporter.
 10189 | Gauntlet | Identified the +0 helmet of the Volcano {rPois rF++}
 10205 | Gauntlet | Reached skill level 16 in Fighting
 10216 | Gauntlet | Identified the ring "Koxtal" {Int+3 Dex+6}
 10231 | Gauntlet | Noticed a minotaur
 10241 | Gauntlet | Killed a minotaur
 10242 | Gauntlet | Reached skill level 10 in Armour
 10934 | D:12     | Reached XP level 13. HP: 115/130 MP: 12/12
 11324 | D:13     | Noticed Kirke
 11374 | Lair:1   | Entered Level 1 of the Lair of Beasts
 11481 | Lair:1   | Reached skill level 17 in Fighting
 11620 | Lair:1   | Reached ***** piety under Trog
 11820 | Lair:1   | Found a runed translucent gate.
 11820 | Lair:1   | Found a runed translucent gate.
 11820 | Lair:1   | Found a runed translucent gate.
 11843 | Lair:1   | Noticed particleface's ghost (journeyman VSWn)
 11854 | Lair:1   | Killed particleface's ghost
 12093 | Lair:2   | Noticed Gastronok
 12093 | Lair:2   | Found a hole to the Spider Nest.
 12104 | Lair:2   | Killed Gastronok
 12318 | Lair:2   | Reached skill level 18 in Fighting
 12319 | Lair:2   | Received a gift from Trog
 12607 | Lair:2   | Found a staircase to the Swamp.
 12725 | Lair:2   | Reached skill level 19 in Fighting
 13321 | Lair:3   | Reached XP level 14. HP: 141/146 MP: 13/13
 14023 | Lair:4   | Found a staircase to the Slime Pits.
 14024 | Lair:4   | Found a viscous altar of Jiyva.
 14704 | Lair:5   | Entered Level 5 of the Lair of Beasts
 14717 | Lair:5   | Reached skill level 20 in Fighting
 14865 | Lair:5   | Found the +18 shield of the Gong {Loud rN+ Will+ rCorr
                  | EV-5}
 14880 | Lair:5   | Paralysed by a hornet for 3 turns
 14907 | Lair:5   | Identified the +6 trident "Unajorid" {drain, Stlth+}
 15255 | Lair:5   | Received a gift from Trog
 16014 | Orc:2    | Entered Level 2 of the Orcish Mines
 16271 | Orc:2    | Received a gift from Trog
 16277 | Orc:2    | Reached skill level 21 in Fighting
 16454 | Orc:2    | Noticed an orc warlord
 16471 | Orc:2    | Killed an orc warlord
 16548 | Orc:1    | Noticed Erica
 16564 | Orc:1    | Killed Erica
 16631 | Orc:2    | Found a staircase to the Elven Halls.
 16741 | Orc:2    | Found Bantee Abla's Antique Weapon Boutique.
 16810 | Orc:2    | Found Xucer's Antique Armour Shoppe.
 16810 | Orc:2    | Found Hoval's Magic Scroll Emporium.
 16811 | Orc:2    | Found Weicaun's Antique Weapon Emporium.
 16816 | Orc:2    | Found Reulua's Assorted Antiques.
 17575 | D:13     | Received a gift from Trog
 17585 | D:13     | Reached XP level 15. HP: 149/158 MP: 14/14
 17724 | D:13     | Killed Kirke
 17744 | D:13     | Gained mutation: Armour fits poorly on your strangely
                  | shaped body. [a neqoxec]
 18174 | D:14     | Noticed Rupert
 18187 | D:14     | Killed Rupert
 18216 | D:14     | Reached skill level 15 in Armour
 18231 | D:14     | Reached skill level 10 in Shields
 18236 | D:14     | Reached skill level 22 in Fighting
 18304 | D:14     | Noticed Josephine
 18309 | D:14     | Killed Josephine
 18522 | D:14     | Found a gate to the Vaults.
 18762 | D:15     | Entered Level 15 of the Dungeon
 18835 | D:15     | Found a bloodstained altar of Trog.
 18890 | D:15     | Reached ****** piety under Trog
 19237 | D:15     | Found a staircase to the Depths.
 19843 | Swamp:1  | Entered Level 1 of the Swamp
 19886 | Swamp:1  | Received a gift from Trog
 19896 | Swamp:1  | Reached skill level 23 in Fighting
 20049 | Swamp:1  | Identified the +2 leather armour of Asceticism {rN+ Stlth+}
 20349 | Swamp:2  | Reached XP level 16. HP: 164/172 MP: 15/15
 20776 | Swamp:3  | Received a gift from Trog
 20788 | Swamp:3  | Reached skill level 24 in Fighting
 20895 | Swamp:3  | Identified the ring of Sollett {Will+ Str+5}
 21173 | Swamp:4  | Entered Level 4 of the Swamp
 21688 | Swamp:4  | Received a gift from Trog
 22075 | Swamp:4  | Identified the +0 cloak of Lightning Storm {Int+7}
 22159 | Swamp:4  | Noticed a thorn hunter
 22165 | Swamp:4  | Killed a thorn hunter
 22244 | Swamp:4  | Got a decaying rune of Zot
 22395 | Spider:1 | Entered Level 1 of the Spider Nest
 22437 | Spider:1 | Reached skill level 25 in Fighting
 22561 | Spider:1 | Reached XP level 17. HP: 185/185 MP: 16/16
 22568 | Spider:1 | Identified the +1 leather armour of the Pits of Slime
                  | {Will+}
 22988 | Spider:1 | Identified the +1 robe "Finued" {rElec rC- Str+3}
 23623 | Spider:2 | Reached skill level 26 in Fighting
 23624 | Spider:2 | Received a gift from Trog
 24768 | Spider:4 | Entered Level 4 of the Spider Nest
 24935 | Spider:3 | HP: 6/190 [demonic crawler (5)]
 24936 | Spider:3 | Mangled by a demonic crawler

Illustrated notes

Levels and vault maps discovered:
D:1:      lightli_arrival_statuegarden, layout_rooms,
          dreamdust_ecumenical_altar_hidden_monk_grotto, hangedman_decor_lopped,
          corexii_leaking_fountain
D:2:      layout_basic, uniq_jessica
D:3:      layout_basic, mainiacjoe_overflow_chevrons, hex_medium
D:4:      layout_basic, uniq_menkaure
D:5:      layout_basic, serial_glass, glass_columns_b, glass_columns_c,
          glass_columns_c, glass_columns_a, glass_columns_c, glass_columns_c,
          hangedman_feature_mirror, kennysheep_generic_room_11
D:6:      layout_gridville, nicolae_vehumet_altar_sigil,
          chequers_serial_rivers_micro_c, nicolae_sextant, minmay_misc_feat_x
D:7:      layout_loops_cross, minmay_temple_entry_trees, serial_shops,
          nicolae_shop_tiny_real_fake_doors, shop, nicolae_shop_tiny_glass,
          enter_bailey_3
D:8:      layout_basic, serial_shops, shop
D:9:      minmay_imperfect_grid, layout_rooms, okawaru_humans,
          old_standard_altar, orc_0_dummy, uniq_pikel
D:10:     layout_rooms, zin_academy, erik_lair_orcish_takeover, uniq_erolcha
D:11:     layout_cave_pools
D:12:     cheibrodos_statue_roulette, layout_long_grid, gauntlet_entry_generic,
          serial_co_window_serial, co_window_paths_b, co_window_paths_a,
          co_window_paths_a, co_window_of_opportunity_a, co_window_paths_b,
          co_window_unsneaky_path_a, co_window_of_opportunity_b,
          co_window_of_opportunity_c, co_window_broadway_b, co_window_cross_3,
          co_window_unsneaky_path_b, co_window_paths_e, glass_columns_a,
          glass_columns_c, glass_columns_b, nrook_loot_triangle
D:13:     layout_basic, hive_lemuel, uniq_kirke
D:14:     layout_rooms, erik_vaults_2, uniq_rupert, uniq_josephine
D:15:     grunt_enter_depths_hoard, layout_layer_cave, bloody_trog
Temple:   bh_familiar_temple
Lair:1:   layout_gridlike, ebering_ghost_rock_garden, ldierk_geyser,
          infiniplex_staircase_pool
Lair:2:   layout_misc_corridors, palyth_hydra_swamp_entry,
          spider_nest_entry_web_field, cheibrodos_lair_lostbears,
          infiniplex_staircase_pool_2, serial_bayou_shore_a, uniq_gastronok
Lair:3:   layout_cave_pods, grunt_megastairs_5
Lair:4:   layout_gridlike, minmay_slime_entry_pillars,
          pdpol_lair_neglected_garden
Lair:5:   gammafunk_lair_ancient_temple, layout_cave_pods, lemuel_fruit_tree
Swamp:1:  layout_basic_swamp, nicolae_swamp_trees_clearing, swamp_pool1
Swamp:2:  layout_falls_marsh, evilmike_swamp_ruin_house_6
Swamp:3:  layout_basic_swamp, evilmike_swamp_ruin_rubble_1, swamp_pool1,
          nicolae_swamp_hydra_murder_den
Swamp:4:  swamp_basic_johnstein, layout_basic_swamp
Spider:1: layout_spider_delve
Spider:2: layout_spider_delve, nicolae_spider_twisty_arc_passages
Spider:3: layout_spider_delve, nicolae_spider_scorpion_nest
Spider:4: grunt_spider_rune_circles, ebering_ghost_reflecting_pool
Orc:1:    layout_diamond_mine, library_closet, uniq_erica
Orc:2:    st_orc_mages, layout_diamond_mine, serial_shops, shop_fountains,
          basic_altar

Skill      XL: |  1  2  3  4  5  6  7  8  9 10 11 12 13 14 15 16 17 |
---------------+----------------------------------------------------+-----
Shields        | 4 5 8 10 | 10.0
Axes           | 3 4 5 7 8 10 13 16 17 18 | 18.9
Fighting       | 10 13 16 19 21 23 25 26 | 26.5
Armour         | 7 10 12 14 16 18 | 18.0

Action                     |  1- 3 |  4- 6 |  7- 9 | 10-12 | 13-15 | 16-18 || total
---------------------------+-------+-------+-------+-------+-------+-------++-------
  Melee: War axe           |    66 |   128 |   154 |    13 |       |       ||   361
         Headbutt          |     6 |    18 |    19 |    44 |   164 |    95 ||   346
         Broad axe         |       |       |       |   318 |   735 |   377 ||  1430
  Throw: Dart              |       |       |       |     3 |     6 |     1 ||    10
 Invoke: Berserk           |       |       |     3 |     2 |     5 |     6 ||    16
         Brothers in Arms  |       |       |       |       |       |     1 ||     1
  Evoke: Wand              |       |       |       |     1 |       |       ||     1
    Use: Scroll            |       |     8 |    13 |    13 |     9 |     3 ||    46
         Potion            |       |       |     1 |     2 |       |     8 ||    11
   Stab: Distracted        |       |       |       |       |     1 |    10 ||    11
 Armour: Scale mail        |    39 |    33 |       |       |       |       ||    72
         Plate armour      |       |    41 |    84 |   124 |   278 |   280 ||   807
  Dodge: Dodged            |    40 |    56 |    70 |   157 |   185 |    43 ||   551
  Block: Buckler           |    18 |    35 |    33 |    67 |    74 |       ||   227
         Kite shield       |       |       |       |       |   463 |   532 ||   995

Table legend: (Time is in decaauts)
 A = Elapsed time spent in this place.
 B = Non-inter-level travel time spent in this place.
 C = Inter-level travel time spent in this place.
 D = Time resting spent in this place.
 E = Time spent auto-exploring this place.
 F = Levels seen in this place.
 G = Mean time per level.
                   A        B        C        D        E       F      G
               +--------+--------+--------+--------+--------+-----+--------+
         Total |  24828 |  23239 |   1589 |   1007 |  15062 |  33 |  752.4 |
       Dungeon |  12793 |  11666 |   1127 |    168 |   8260 |  15 |  852.9 |
        Temple |     41 |     41 |      0 |      0 |      0 |   1 |   41.0 |
          Lair |   4552 |   4271 |    281 |     38 |   3221 |   5 |  910.4 |
         Swamp |   2517 |   2458 |     59 |    356 |   1206 |   4 |  629.2 |
   Spider Nest |   2496 |   2462 |     34 |    137 |   1640 |   4 |  624.0 |
  Orcish Mines |   1394 |   1308 |     86 |     84 |    622 |   2 |  697.0 |
        Bailey |    638 |    638 |      0 |    224 |    112 |   1 |  638.0 |
      Gauntlet |    393 |    393 |      0 |      0 |      0 |   1 |  393.0 |
               +--------+--------+--------+--------+--------+-----+--------+

Top non-repeatable levels by time:
     D:9: 1320 daAuts
    D:12: 1143 daAuts
     D:3: 1133 daAuts
  Lair:5: 1060 daAuts
  Lair:2: 1034 daAuts
     D:8: 1009 daAuts
     D:4: 1006 daAuts
    D:15: 911 daAuts
  Lair:4: 908 daAuts
   Orc:2: 866 daAuts
 Swamp:3: 860 daAuts
Spider:2: 845 daAuts
     D:6: 830 daAuts
Spider:3: 823 daAuts
 Swamp:4: 819 daAuts
